| TOP OF THE 1ST |
|
Albuquerque Isotopes batting - Pitching for Oklahoma City Dodgers : RHP Jeremy Stock
|
|
Pitching: RHP Jeremy Stock
|
|
|
Batting: LHB Pablo Cardona
|
0-0: Ball 1-0: Ball 2-0: Foul Ball, location: 2F 2-1: Called Strike 2-2: Strikes out swinging
|
|
Batting: LHB Gabe Harvey
|
0-0: Foul Ball, location: 2F 0-1: Ball 1-1: Swinging Strike 1-2: Strikes out swinging
|
|
Batting: RHB Mike Thornton
|
0-0: Fly out, F9 (Flyball, 9S, EV 70.6 MPH)
|
| Top of the 1st over - 0 runs, 0 hits, 0 errors, 0 left on base; Albuquerque 0 - Oklahoma City 0 |
| BOTTOM OF THE 1ST |
|
Oklahoma City Dodgers batting - Pitching for Albuquerque Isotopes : RHP Jonathon Crunk
|
|
Pitching: RHP Jonathon Crunk
|
|
|
Batting: LHB Frank Mullen
|
0-0: Foul Ball, location: 2F 0-1: Foul Ball, location: 2F 0-2: Ball 1-2: DOUBLE (Line Drive, 78M, EV 103.8 MPH)
|
|
Batting: RHB Jonathan Rangel
|
0-0: Fly out, F7 (Flyball, 7, EV 93.1 MPH)
|
|
Batting: LHB Yasahiko Teshima
|
0-0: Called Strike 0-1: Called Strike 0-2: Ground out U3 (Groundball, 34, EV 110.6 MPH) Frank Mullen to third
|
|
Batting: RHB Martin Chavez
|
0-0: Swinging Strike 0-1: Foul Ball, location: 2F 0-2: Ball 1-2: Strikes out looking
|
| Bottom of the 1st over - 0 runs, 1 hit, 0 errors, 1 left on base; Albuquerque 0 - Oklahoma City 0 |
| TOP OF THE 2ND |
|
Albuquerque Isotopes batting - Pitching for Oklahoma City Dodgers : RHP Jeremy Stock
|
|
Batting: RHB Joe LaDue
|
0-0: Called Strike 0-1: Ball 1-1: Ball 2-1: Foul Ball, location: 2F 2-2: Foul Ball, location: 2F 2-2: Foul Ball, location: 2F 2-2: Strikes out swinging
|
|
Batting: RHB Eddie McCoy
|
0-0: Ball 1-0: Ball 2-0: Called Strike 2-1: Ball 3-1: Swinging Strike 3-2: Foul Ball, location: 2F 3-2: Base on Balls
|
|
Batting: SHB Mitchell Greene
|
0-0: Called Strike 0-1: Ball 1-1: Foul Ball, location: 2F 1-2: Strikes out swinging
|
|
Batting: RHB Logan Morgan
|
0-0: Ball 1-0: Ball 2-0: Fly out, F5 (Line Drive, 56, EV 70.6 MPH)
|
| Top of the 2nd over - 0 runs, 0 hits, 0 errors, 1 left on base; Albuquerque 0 - Oklahoma City 0 |
| BOTTOM OF THE 2ND |
|
Oklahoma City Dodgers batting - Pitching for Albuquerque Isotopes : RHP Jonathon Crunk
|
|
Batting: SHB Ken Welch
|
0-0: Foul Ball, location: 2F 0-1: Ball 1-1: Swinging Strike 1-2: Ball 2-2: SINGLE (Line Drive, 4MD, EV 96.9 MPH)
|
|
Batting: RHB Jorge Benites
|
0-0: Foul Ball, location: 2F 0-1: Swinging Strike 0-2: Ball 1-2: Ball 2-2: SINGLE (Groundball, 34D, EV 98.1 MPH) Ken Welch to second
|
|
Batting: RHB Jeremy Giesler
|
0-0: Ball 1-0: Ball 2-0: Ball 3-0: Called Strike 3-1: Foul Ball, location: 2F 3-2: Foul Ball, location: 2F 3-2: Foul Ball, location: 2F 3-2: Foul Ball, location: 2F 3-2: Strikes out swinging
|
|
Batting: RHB Jose Valtierra
|
0-0: Grounds into double play, 5-4-3 (Groundball, 56, EV 108.1 MPH)
|
| Bottom of the 2nd over - 0 runs, 2 hits, 0 errors, 1 left on base; Albuquerque 0 - Oklahoma City 0 |
| TOP OF THE 3RD |
|
Albuquerque Isotopes batting - Pitching for Oklahoma City Dodgers : RHP Jeremy Stock
|
|
Batting: RHB John Freeman
|
0-0: Ball 1-0: Swinging Strike 1-1: Called Strike 1-2: Strikes out swinging
|
|
Batting: RHB Bobby Heagle
|
0-0: Called Strike 0-1: Ball 1-1: Ball 2-1: Ball 3-1: Called Strike 3-2: SINGLE (Groundball, 25, EV 71.2 MPH) (infield hit)
|
|
Batting: LHB Pablo Cardona
|
0-0: Called Strike 0-1: Foul Ball, location: 2F 0-2: Ball 1-2: Ball 2-2: Ball 3-2: Base on Balls Bobby Heagle to second
|
|
Batting: LHB Gabe Harvey
|
0-0: Called Strike 0-1: Ball 1-1: Ball 2-1: Foul Ball, location: 2F 2-2: Strikes out swinging
|
|
Batting: RHB Mike Thornton
|
0-0: Ball 1-0: Ball 2-0: Called Strike 2-1: Foul Ball, location: 2F 2-2: Ball 3-2: Foul Ball, location: 2F 3-2: Base on Balls Bobby Heagle to third Pablo Cardona to second
|
|
Batting: RHB Joe LaDue
|
0-0: Ball 1-0: SINGLE (Groundball, 5D, EV 93.8 MPH) Bobby Heagle scores Pablo Cardona to third Mike Thornton to second Runner from 3rd tries for Home, throw by LF and OUT! 7-2
|
| Top of the 3rd over - 1 run, 2 hits, 0 errors, 2 left on base; Albuquerque 1 - Oklahoma City 0 |
| BOTTOM OF THE 3RD |
|
Oklahoma City Dodgers batting - Pitching for Albuquerque Isotopes : RHP Jonathon Crunk
|
|
Batting: RHB Mike Dodson
|
0-0: Ball 1-0: Foul Ball, location: 2F 1-1: Foul Ball, location: 2F 1-2: Ball 2-2: Fly out, F7 (Line Drive, 78M, EV 93.1 MPH)
|
|
Batting: LHB Frank Mullen
|
0-0: Ball 1-0: Ball 2-0: Ball 3-0: Base on Balls
|
|
Batting: RHB Jonathan Rangel
|
0-0: Called Strike Frank Mullen steals 2nd base 0-1: Ball 1-1: Ball 2-1: DOUBLE (Line Drive, 7LM, EV 93.1 MPH) Frank Mullen scores
|
|
Batting: LHB Yasahiko Teshima
|
0-0: Called Strike 0-1: Ball 1-1: Ball 2-1: Ball 3-1: Foul Ball, location: 2F 3-2: Foul Ball, location: 2F 3-2: Foul Ball, location: 2F 3-2: Foul Ball, location: 2F 3-2: Strikes out looking
|
|
Batting: RHB Martin Chavez
|
0-0: SINGLE (Line Drive, 8RS, EV 95.0 MPH) Jonathan Rangel to third Runner from 3rd tries for Home, throw by CF and OUT! 8-2
|
| Bottom of the 3rd over - 1 run, 2 hits, 0 errors, 1 left on base; Albuquerque 1 - Oklahoma City 1 |
| TOP OF THE 4TH |
|
Albuquerque Isotopes batting - Pitching for Oklahoma City Dodgers : RHP Jeremy Stock
|
|
Batting: RHB Eddie McCoy
|
0-0: Called Strike 0-1: Called Strike 0-2: Ball 1-2: Ball 2-2: Ground out 4-3 (Groundball, 4, EV 99.4 MPH)
|
|
Batting: SHB Mitchell Greene
|
0-0: Ball 1-0: Ball 2-0: Swinging Strike 2-1: Swinging Strike 2-2: Strikes out swinging
|
|
Batting: RHB Logan Morgan
|
0-0: Ball 1-0: Ball 2-0: Foul Ball, location: 2F 2-1: Fly out, F9 (Flyball, 9, EV 72.5 MPH)
|
| Top of the 4th over - 0 runs, 0 hits, 0 errors, 0 left on base; Albuquerque 1 - Oklahoma City 1 |
| BOTTOM OF THE 4TH |
|
Oklahoma City Dodgers batting - Pitching for Albuquerque Isotopes : RHP Jonathon Crunk
|
|
Batting: SHB Ken Welch
|
0-0: Foul Ball, location: 2F 0-1: Ball 1-1: Ground out U3 (Groundball, 34, EV 105.6 MPH)
|
|
Batting: RHB Jorge Benites
|
0-0: Called Strike 0-1: Ball 1-1: Ball 2-1: Ball 3-1: Base on Balls
|
|
Batting: RHB Jeremy Giesler
|
0-0: Ball 1-0: Foul Ball, location: 2F 1-1: Ball 2-1: Ball 3-1: Grounds into double play, 6-4-3 (Groundball, 6, EV 95.0 MPH)
|
| Bottom of the 4th over - 0 runs, 0 hits, 0 errors, 0 left on base; Albuquerque 1 - Oklahoma City 1 |
| TOP OF THE 5TH |
|
Albuquerque Isotopes batting - Pitching for Oklahoma City Dodgers : RHP Jeremy Stock
|
|
Batting: RHB John Freeman
|
0-0: Ball 1-0: Ground out 5-3 (Groundball, 5, EV 87.5 MPH)
|
|
Batting: RHB Bobby Heagle
|
0-0: Called Strike 0-1: Ball 1-1: Ball 2-1: Ball 3-1: Swinging Strike 3-2: Foul Ball, location: 2F 3-2: Base on Balls
|
|
Batting: LHB Pablo Cardona
|
0-0: Ball 1-0: Fielders Choice at 2nd, 1-4 (Groundball, 15S, EV 65.0 MPH)
|
|
Batting: LHB Gabe Harvey
|
0-0: Ball 1-0: Swinging Strike 1-1: Fly out, F7 (Flyball, 7, EV 88.8 MPH)
|
| Top of the 5th over - 0 runs, 0 hits, 0 errors, 1 left on base; Albuquerque 1 - Oklahoma City 1 |
| BOTTOM OF THE 5TH |
|
Oklahoma City Dodgers batting - Pitching for Albuquerque Isotopes : RHP Jonathon Crunk
|
|
Batting: RHB Jose Valtierra
|
0-0: Called Strike 0-1: Swinging Strike 0-2: Foul Ball, location: 2F 0-2: Foul Ball, location: 2F 0-2: SINGLE (Line Drive, 7S, EV 108.8 MPH)
|
|
Batting: RHB Mike Dodson
|
0-0: Fielders Choice at 2nd, 6-4 (Groundball, 6M, EV 96.2 MPH)
|
|
Batting: LHB Frank Mullen
|
0-0: Foul Ball, location: 2F 0-1: Foul Ball, location: 2F 0-2: Ball 1-2: Ball 2-2: Strikes out swinging
|
|
Batting: RHB Jonathan Rangel
|
0-0: Ground out 6-3 (Groundball, 6S, EV 86.9 MPH)
|
| Bottom of the 5th over - 0 runs, 1 hit, 0 errors, 1 left on base; Albuquerque 1 - Oklahoma City 1 |
| TOP OF THE 6TH |
|
Albuquerque Isotopes batting - Pitching for Oklahoma City Dodgers : RHP Jeremy Stock
|
|
Batting: RHB Mike Thornton
|
0-0: Called Strike 0-1: Ball 1-1: Foul Ball, location: 2F 1-2: Ball 2-2: Strikes out looking
|
|
Batting: RHB Joe LaDue
|
0-0: Called Strike 0-1: Foul Ball, location: 2F 0-2: Strikes out swinging
|
|
Batting: RHB Eddie McCoy
|
0-0: Foul Ball, location: 2F 0-1: Ball 1-1: Fly out, F4 (Flyball, 34D, EV 88.8 MPH)
|
| Top of the 6th over - 0 runs, 0 hits, 0 errors, 0 left on base; Albuquerque 1 - Oklahoma City 1 |
| BOTTOM OF THE 6TH |
|
Oklahoma City Dodgers batting - Pitching for Albuquerque Isotopes : RHP Jonathon Crunk
|
|
Batting: LHB Yasahiko Teshima
|
0-0: Called Strike 0-1: Called Strike 0-2: Ball 1-2: Ball 2-2: DOUBLE (Flyball, 78XD, EV 109.4 MPH)
|
|
Batting: RHB Martin Chavez
|
0-0: Called Strike 0-1: Called Strike 0-2: Ball 1-2: Ball 2-2: Foul Ball, location: 2F 2-2: SINGLE (Groundball, 56S, EV 63.1 MPH) (infield hit) Yasahiko Teshima to third
|
|
Batting: SHB Ken Welch
|
0-0: Ball 1-0: Called Strike 1-1: Ball 2-1: Grounds into double play, 4-6-3 (Groundball, 4, EV 100.6 MPH) Yasahiko Teshima scores
|
|
Batting: RHB Jorge Benites
|
0-0: Called Strike 0-1: Ball 1-1: Fly out, F3 (Popup, 3SF, EV 71.2 MPH)
|
| Bottom of the 6th over - 1 run, 2 hits, 0 errors, 0 left on base; Albuquerque 1 - Oklahoma City 2 |
| TOP OF THE 7TH |
|
Albuquerque Isotopes batting - Pitching for Oklahoma City Dodgers : RHP Jeremy Stock
|
|
Batting: SHB Mitchell Greene
|
0-0: Ball 1-0: Ground out 4-3 (Groundball, 4MD, EV 89.4 MPH)
|
|
Batting: RHB Logan Morgan
|
0-0: Ball 1-0: Ball 2-0: Called Strike 2-1: Ball 3-1: Foul Ball, location: 2F 3-2: Foul Ball, location: 2F 3-2: Base on Balls
|
|
Batting: RHB John Freeman
|
0-0: Ball 1-0: Ball 2-0: Foul Ball, location: 2F 2-1: Swinging Strike 2-2: Ball 3-2: Strikes out swinging Logan Morgan steals 2nd base Batter strikes out.
|
|
Batting: RHB Bobby Heagle
|
0-0: SINGLE (Groundball, 6D, EV 103.8 MPH) Logan Morgan to third
|
|
Batting: LHB Pablo Cardona
|
0-0: Swinging Strike 0-1: Ball 1-1: Ball 2-1: Foul Ball, location: 2F 2-2: Foul Ball, location: 2F 2-2: Fly out, F8 (Flyball, 78M, EV 76.2 MPH)
|
| Top of the 7th over - 0 runs, 1 hit, 0 errors, 2 left on base; Albuquerque 1 - Oklahoma City 2 |
| BOTTOM OF THE 7TH |
|
Oklahoma City Dodgers batting - Pitching for Albuquerque Isotopes : RHP Jonathon Crunk
|
|
Pitching: RHP Mike Ellinwood
|
|
|
Batting: RHB Jeremy Giesler
|
0-0: Called Strike 0-1: Called Strike 0-2: Ball 1-2: Ball 2-2: Ball 3-2: Foul Ball, location: 2F 3-2: Strikes out swinging
|
|
Batting: RHB Jose Valtierra
|
0-0: SINGLE (Line Drive, 8RS, EV 108.8 MPH)
|
|
Batting: RHB Mike Dodson
|
0-0: Foul Ball, location: 2F 0-1: Foul Ball, location: 2F 0-2: Strikes out swinging
|
|
Batting: LHB Frank Mullen
|
0-0: Ball 1-0: Ball 2-0: Called Strike 2-1: Swinging Strike 2-2: SINGLE (Line Drive, 8RS, EV 85.6 MPH) Jose Valtierra to second
|
|
Batting: RHB Jonathan Rangel
|
0-0: Ball 1-0: Foul Ball, location: 2F 1-1: Swinging Strike 1-2: Ball 2-2: Foul Ball, location: 2F 2-2: Ball 3-2: Base on Balls Jose Valtierra to third Frank Mullen to second
|
|
Batting: LHB Yasahiko Teshima
|
0-0: Called Strike 0-1: Ball 1-1: Foul Ball, location: 2F 1-2: Ball 2-2: Ball 3-2: Fly out, F8 (Flyball, 8LS, EV 83.8 MPH)
|
| Bottom of the 7th over - 0 runs, 2 hits, 0 errors, 3 left on base; Albuquerque 1 - Oklahoma City 2 |
| TOP OF THE 8TH |
|
Albuquerque Isotopes batting - Pitching for Oklahoma City Dodgers : RHP Jeremy Stock
|
|
Batting: LHB Gabe Harvey
|
0-0: Ball 1-0: Ball 2-0: Called Strike 2-1: DOUBLE (Line Drive, 3D, EV 100.0 MPH)
|
|
Pitching: RHP Miguel Arguello
|
|
|
Batting: RHB Mike Thornton
|
0-0: Ball 1-0: Ball 2-0: Foul Ball, location: 2F 2-1: SINGLE (Line Drive, 8RS, EV 105.0 MPH) Gabe Harvey to third Runner from 3rd tries for Home, SAFE, throw by CF to home
|
|
Batting: RHB Joe LaDue
|
0-0: Ball 1-0: Ball 2-0: Foul Ball, location: 2F 2-1: Ball 3-1: Called Strike 3-2: Base on Balls Mike Thornton to second
|
|
Batting: RHB Eddie McCoy
|
0-0: Called Strike 0-1: Called Strike 0-2: Strikes out swinging
|
|
Batting: SHB Mitchell Greene
|
0-0: Bunted foul 0-1: Bunted foul 0-2: Fly out, F8 (Flyball, 8LXD, EV 103.8 MPH) Runner from 2nd tags up, SAFE at 3rd, no throw by CF
|
|
Batting: RHB Logan Morgan
|
0-0: SINGLE (Line Drive, 7LM, EV 104.4 MPH) Mike Thornton scores Joe LaDue to second Runner from 2nd tries for 3rd, SAFE, throw by LF made to third Logan Morgan to second
|
|
Batting: RHB John Freeman
|
0-0: Ball 1-0: Ground out 5-3 (Groundball, 56D, EV 97.5 MPH)
|
| Top of the 8th over - 2 runs, 3 hits, 0 errors, 2 left on base; Albuquerque 3 - Oklahoma City 2 |
| BOTTOM OF THE 8TH |
|
Oklahoma City Dodgers batting - Pitching for Albuquerque Isotopes : RHP Mike Ellinwood
|
|
Pitching: LHP Jamie Blake
|
|
|
Batting: RHB Martin Chavez
|
0-0: Ball 1-0: Foul Ball, location: 2F 1-1: Foul Ball, location: 2F 1-2: Fly out, F9 (Flyball, 89M, EV 93.8 MPH)
|
|
Batting: SHB Ken Welch
|
0-0: Called Strike 0-1: Ball 1-1: Fly out, F8 (Line Drive, 8RM, EV 91.9 MPH)
|
|
Batting: RHB Jorge Benites
|
0-0: Called Strike 0-1: Foul Ball, location: 2F 0-2: Foul Ball, location: 2F 0-2: Ball 1-2: Strikes out swinging
|
| Bottom of the 8th over - 0 runs, 0 hits, 0 errors, 0 left on base; Albuquerque 3 - Oklahoma City 2 |
| TOP OF THE 9TH |
|
Albuquerque Isotopes batting - Pitching for Oklahoma City Dodgers : RHP Miguel Arguello
|
|
Pitching: RHP Nate Allen
|
|
|
Batting: RHB Bobby Heagle
|
0-0: Foul Ball, location: 2F 0-1: Swinging Strike 0-2: Ball 1-2: Ball 2-2: Foul Ball, location: 2F 2-2: Ball 3-2: Ground out 5-3 (Groundball, 5, EV 105.0 MPH)
|
|
Batting: LHB Pablo Cardona
|
0-0: Swinging Strike 0-1: Ball 1-1: Swinging Strike 1-2: DOUBLE (Flyball, 89D, EV 105.6 MPH)
|
|
Batting: LHB Gabe Harvey
|
0-0: Called Strike 0-1: Ball 1-1: Foul Ball, location: 2F 1-2: Strikes out swinging
|
|
Batting: RHB Mike Thornton
|
0-0: Swinging Strike 0-1: Swinging Strike 0-2: Strikes out swinging
|
| Top of the 9th over - 0 runs, 1 hit, 0 errors, 1 left on base; Albuquerque 3 - Oklahoma City 2 |
| BOTTOM OF THE 9TH |
|
Oklahoma City Dodgers batting - Pitching for Albuquerque Isotopes : LHP Jamie Blake
|
|
Pitching: RHP Jim Averette
|
|
|
Pinch Hitting: LHB Tommy King
|
0-0: Called Strike 0-1: Called Strike 0-2: Strikes out looking
|
|
Batting: RHB Jose Valtierra
|
0-0: Ball 1-0: Swinging Strike 1-1: Ball 2-1: Ball 3-1: Foul Ball, location: 2F 3-2: Foul Ball, location: 2F 3-2: Base on Balls
|
|
Pinch Hitting: RHB Vinny Vasquez
|
0-0: Called Strike 0-1: Ball 1-1: Ball 2-1: Swinging Strike 2-2: Foul Ball, location: 2F 2-2: Fly out, F7 (Flyball, 78D, EV 95.0 MPH)
|
|
Batting: LHB Frank Mullen
|
0-0: Ball 1-0: Called Strike 1-1: SINGLE (Line Drive, 7S, EV 90.6 MPH) Jose Valtierra to second
|
|
Batting: RHB Jonathan Rangel
|
0-0: Ball 1-0: Called Strike 1-1: Ball 2-1: Ball 3-1: Base on Balls Jose Valtierra to third Frank Mullen to second
|
|
Batting: LHB Yasahiko Teshima
|
0-0: Called Strike 0-1: Ball 1-1: Ball 2-1: Ground out U3 (Groundball, 3S, EV 72.5 MPH)
|
| Bottom of the 9th over - 0 runs, 1 hit, 0 errors, 3 left on base; Albuquerque 3 - Oklahoma City 2 |
|